 Dungeon Crawl Stone Soup version 0.21-a0-137-g951aa02 (webtiles) character file.

18 namelastname112 the Ducker (level 2, 0/15 HPs)
             Began as a Felid Chaos Knight on July 18, 2017.
             Succumbed to an adder's poison
             ... on level 2 of the Dungeon.
             The game lasted 00:01:22 (1303 turns).

namelastname112 the Ducker (Felid Chaos Knight)     Turns: 1303, Time: 00:01:23

Health: 0/15       AC:  1    Str:  8    XL:     2   Next: 48%
Magic:  3/3        EV: 19    Int: 11    God:    Xom [..*...]
Gold:   33         SH:  0    Dex: 15    Spells: 1/1 levels left
                                        Lives:  0   Deaths: 0

rFire    + . .     SeeInvis +     - Unarmed
rCold    + . .     Gourm    .   (shield unavailable)
rNeg     . . .     Faith    .   (armour unavailable)
rPois    +         Spirit   .   (helmet unavailable)
rElec    +         Reflect  .   (cloak unavailable)
rCorr    +         Harm     .   (gloves unavailable)
MR       .....                  (boots unavailable)
Stlth    ++........             (no amulet)
HPRegen  0.05/turn              (no ring)
MPRegen  0.08/turn              (no ring)

@: lethally poisoned (0 -> -8), resistant, flying, quick
A: no armour, no weapons or thrown items, stealth, claws 1, fangs 3, see
invisible, carnivore 3, deterioration 1, dopey 1, speed 1, robust 1, shaggy fur
1, slow metabolism 1, sharp paws
a: Renounce Religion


You were on level 2 of the Dungeon.
You worshipped Xom.
You were a toy of Xom.
You were not hungry.

You visited 1 branch of the dungeon, and saw 2 of its levels.

You collected 33 gold pieces.

Inventory:

Wands
 e - a wand of random effects (19/48)
Potions
 f - a potion of agility {unknown}
Comestibles
 a - a meat ration


   Skills:
 + Level 3.2 Fighting
 + Level 3.7 Dodging
 + Level 1.3 Stealth
 * Level 3.1 Unarmed Combat


You had one spell level left.
You didn't know any spells.

Dungeon Overview and Level Annotations

Branches:
Dungeon (2/15)

Altars:
Yredelemnul


Innate Abilities, Weirdness & Mutations

You cannot wear armour.
You are incapable of wielding weapons or throwing items.
Your paws allow you to move quietly. (Stealth)
You have sharp claws.
You have razor-sharp teeth.
You have supernaturally acute eyesight. (SInv)
You are carnivorous and can eat meat at any time.
You cover ground quickly.
You are covered in fur. (AC +1)
You have a slow metabolism.
Your sharp claws are effective at attacking unaware monsters.
Your body sometimes deteriorates upon taking damage.
You are dopey. (Int -2)
You are robust. (+10% HP)


Message History

You feel sick. The adder barely misses you.
You take 1 damage, and have 5/14 hp.
You miss the adder. Your bite misses the adder.
The adder is moderately wounded.
You feel sick. The adder bites you.
* * * LOW HITPOINT WARNING * * *
The adder barely misses you.
You take 4 damage, and have 1/14 hp.
MASSIVE DAMAGE!!
It was a potion of mutation.
You feel extremely strange.
You feel stupid.
You feel yourself wasting away.
You feel robust.
Xom is mildly amused.
Xom is amused.
The adder misses you.
It was a potion of flight.
You feel very buoyant.
You fly up into the air.
The adder completely misses you.
It was a potion of resistance.
You feel protected.
Xom is highly amused!
You die...
Xom titters!

#..###.#
#..###.##
#..##...#
#.......#
..###...#
.## ###.#
#.# #.#
#@#
#....S$#
#...##.#
.... ..#
##. #.# #
#.# ..#
###


You could see an adder.

Vanquished Creatures
  3 giant cockroaches
  4 goblins (D:1)
  4 hobgoblins
  A bat (D:1)
  2 kobolds (D:1)
  2 rats (D:1)
16 creatures vanquished.

Notes
Turn   | Place    | Note
-------+----------+-------------------------------------------
     0 | D:1      | namelastname112 the Felid Chaos Knight began the quest for the Orb.
     0 | D:1      | Reached XP level 1. HP: 10/10 MP: 2/2
    40 | D:1      | XOM: butterfly on damage
   482 | D:1      | XOM: butterfly on damage
   589 | D:1      | XOM: divination: detect items
   764 | D:1      | XOM: smoke on damage
   873 | D:1      | Reached XP level 2. HP: 12/14 MP: 3/3
   947 | D:1      | Reached skill level 1 in Stealth
   981 | D:1      | XOM: divination: detect creatures
  1075 | D:2      | XOM: harmless Chrm miscast
  1191 | D:2      | XOM: divination: detect items
  1257 | D:2      | Found a basalt altar of Yredelemnul.
  1301 | D:2      | Gained mutation: You are dopey. (Int -2) [potion of mutation]
  1301 | D:2      | Gained mutation: Your body sometimes deteriorates upon taking damage. [potion of mutation]
  1301 | D:2      | Gained mutation: You are robust. (+10% HP) [potion of mutation]
  1303 | D:2      | Succumbed to an adder's poison

Vault maps used:
D:1:      onia_arrival_pyramid, dk_noncrumbling_4, hangedman_feature_mirror
D:2:      kennysheep_ying_yang, guppyfry_early_orc_mine

Skill      XL: |  1  2 |
---------------+-------+-----
Stealth        | 1 |  1.3
Fighting       | |  3.2
Dodging        | |  3.7
Unarmed Combat | |  3.1

Action                   || total
-------------------------++-------
Melee: Unarmed           ||    76
       Bite              ||     5
  Use: Potion            ||     3
 Stab: Sleeping          ||     1
  Eat: Chunk             ||     3
Armor: Skin              ||     1
Dodge: Dodged            ||    59
